 Dungeon Crawl Stone Soup version 0.28.0-1-gb440e238dd (webtiles) character file.

Game seed: 7826959526085351323

198 styxcanada the Covert (level 5, -1/26 HPs)
             Began as a Spriggan Brigand on Feb 22, 2022.
             Slain by an iguana (13 damage)
             ... on level 4 of the Dungeon on Feb 23, 2022.
             The game lasted 00:13:49 (4450 turns).

styxcanada the Covert (Spriggan Brigand)            Turns: 4450, Time: 00:13:50

Health: -1/26      AC:  2    Str:  7    XL:     5   Next: 47%
Magic:  6/6        EV: 19    Int: 13    God:
Gold:   110        SH:  0    Dex: 24    Spells: 4/4 levels left

rFire   . . .      SeeInvis +   a - +3 dagger
rCold   . . .      Faith    .   (no shield)
rNeg    . . .      Spirit   .   b - +0 robe
rPois   +          Reflect  .   p - +0 hat
rElec   .          Harm     .   c - +0 cloak
rCorr   .          Rampage  .   (gloves unavailable)
Will    .....                   (boots unavailable)
Stlth   ++++......              (no amulet)
HPRegen 0.08/turn               q - +6 ring of dexterity
MPRegen 0.10/turn               m - ring of poison resistance

@: very quick
A: very small, no large weapons, unfitting armour, see invisible, speed 3,
deformed body
a: no special abilities


You were on level 4 of the Dungeon.
You visited 1 branch of the dungeon, and saw 4 of its levels.

You collected 110 gold pieces.

Inventory:

Hand Weapons
 a - a +3 dagger (weapon)
 o - a +0 hunting sling
Missiles
 d - 5 poisoned darts (quivered)
 e - 2 curare-tipped darts
 j - 161 stones
Armour
 b - a +0 robe (worn)
 c - a +0 cloak (worn)
 p - a +0 hat (worn)
Jewellery
 m - a ring of poison resistance (right hand)
 q - a +6 ring of dexterity (left hand)
Wands
 r - a wand of digging (6)
Scrolls
 h - 2 scrolls of amnesia
 k - 2 scrolls of teleportation
 l - a scroll of enchant weapon
Potions
 f - 2 potions of brilliance
 g - a potion of curing {unknown}
 i - a potion of might {unknown}


   Skills:
 * Level 2.2 Fighting
 + Level 2.8 Short Blades
 + Level 0.6(2.0) Slings
 + Level 2.4 Throwing
 * Level 3.3 Dodging
 * Level 8.3 Stealth


You had 4 spell levels left.
You didn't know any spells.
Your spell library was empty.

Dungeon Overview and Level Annotations

Branches:
Dungeon (4/15)
 Temple: D:4-7

Altars:


Innate Abilities, Weirdness & Mutations

You are very small and have problems with some larger weapons.
You are too small for most types of armour.
You have supernaturally acute eyesight. (SInv)
You cover ground extremely quickly. (Speed+++)
Armour fits poorly on your strangely shaped body.


Message History

d - 5 poisoned darts (gained 1)
Okay, then.
Found a ring mail.
You see here a +3 leather armour.
Found a hunting sling.
A quokka comes into view.
A goblin comes into view. It is wielding a +0 club.
The helpless quokka fails to defend itself.
You spit the quokka like a pig!!!
You kill the quokka!
You hit the goblin.
You kill the goblin!
You see here a +0 club.
You see here a +0 hunting sling.
An iguana comes into view.
Found a scroll labelled YDWOASYTRYN.
The iguana hisses angrily.
You hit the iguana.
The iguana is lightly wounded.
The iguana bites you!
Ouch! That really hurt!
You hit the iguana but do no damage.
The iguana is lightly wounded.
You hit the iguana.
The iguana is moderately wounded.
The iguana misses you.
You hit the iguana.
The iguana is heavily wounded.
The iguana closely misses you.
You barely miss the iguana.
The iguana is heavily wounded.
The iguana completely misses you.
You hit the iguana.
The iguana is heavily wounded.
The iguana barely misses you.
You completely miss the iguana.
The iguana is heavily wounded.
The iguana bites you!
Ouch! That really hurt!
You die...

......[..###.............#
...............).†........
..................).......
..........................
..........................
..........................
.^...........[...........#
.........................#
................@.......##
................l........
.........!...........###
##......$...........## .
.##......?..........
######..#.###### ######


You could see an iguana.

Vanquished Creatures
  A sky beast (D:3)
  3 adders
  An adder skeleton (D:4)
  2 worms (D:2)
  A dart slug (D:1)
  5 orcs (D:4)
  8 bats
  5 endoplasms
  2 giant cockroaches (D:1)
  7 goblins
  6 hobgoblins
  6 jackals
  3 kobolds
  A quokka (D:4)
  4 ball pythons
  4 frilled lizards
  2 rats
61 creatures vanquished.

Notes
Turn   | Place    | Note
-------+----------+-------------------------------------------
     0 | D:1      | styxcanada the Spriggan Brigand began the quest for the
                  | Orb.
     0 | D:1      | Reached XP level 1. HP: 10/10 MP: 2/2
   124 | D:1      | Reached skill level 6 in Stealth
   447 | D:1      | Reached XP level 2. HP: 5/14 MP: 3/3
  1620 | D:2      | Reached XP level 3. HP: 15/18 MP: 4/4
  2284 | D:2      | Reached skill level 7 in Stealth
  2622 | D:3      | Noticed a sky beast
  2627 | D:3      | Killed a sky beast
  2628 | D:3      | Reached XP level 4. HP: 23/23 MP: 5/5
  2628 | D:3      | Reached XP level 5. HP: 26/26 MP: 6/6
  2635 | D:3      | Reached skill level 8 in Stealth
  4154 | D:4      | Gained mutation: Armour fits poorly on your strangely
                  | shaped body. [potion of mutation]
  4450 | D:4      | Slain by an iguana

Illustrated notes

Levels and vault maps discovered:
D:1:      eino_arrival_water_star, layout_loops_ring
D:2:      layout_loops_cross, minivault_5, minmay_large_rounded_square,
          minmay_stone_trees_small, minmay_hexomino_u4
D:3:      layout_basic
D:4:      kennysheep_goblin_castle, layout_layer_cave,
          chequers_temple_overflow_statue_of_worship

Skill      XL: |  1  2  3  4  5 |
---------------+----------------+-----
Stealth        | 6 7 8 |  8.3
Dodging        | 2 3 |  3.3
Fighting       | 2 |  2.2
Short Blades   | |  2.8
Slings         | |  0.6
Throwing       | |  2.4

Action                   |  1- 3 |  4- 6 || total
-------------------------+-------+-------++-------
Melee: Dagger            |   104 |    79 ||   183
 Fire: Hunting sling     |     4 |       ||     4
Throw: Dart              |    20 |    15 ||    35
  Use: Scroll            |     6 |     2 ||     8
       Potion            |       |     1 ||     1
 Stab: Sleeping          |    14 |     3 ||    17
Armor: Robe              |    11 |     4 ||    15
Dodge: Dodged            |    66 |    45 ||   111
